 Dungeon Crawl Stone Soup version 0.31-a0-925-g0a390f2509 (webtiles) character file.

Game seed: 4543260691515096862

17215357 Flugkiller the Ninja (level 27, 163/163 HPs)
             Began as a Felid Wanderer on Oct 18, 2023.
             Was an Initiate of Gozag.
             Escaped with the Orb
             ... and 15 runes!
             The game lasted 02:52:32 (89354 turns).

Flugkiller the Ninja (Felid Wanderer)              Turns: 89354, Time: 02:52:32

Health: 163/163    AC: 15    Str: 22    XL:     27
Magic:  36/36      EV: 81    Int: 13    God:    Gozag
Gold:   16695      SH:  0    Dex: 29    Spells: 23/42 levels left
                                        Lives:  2   Deaths: 2

rFire   + .          .
                       - Unarmed
rCold   + . .        (shield unavailable)
rNeg    + + +        (body armour unavailable)
rPois   ∞            (helmet unavailable)
rElec   +            (cloak unavailable)
rCorr   .            (gloves unavailable)
SInv    +            (boots unavailable)
Will    +++..        f - amulet of Vitality {RegenMP++ Regen++}
Stlth   ++++         m - ring "Tomakh" {rC+ rN+++ Will- Dex+4 SInv}
HPRegen 2.07/turn    X - ring of Ashenzari, Freezing {rF+ Str+3 Dex+6}
MPRegen 1.05/turn

%: no passive effects
@: storm-form, flying, studying Poison Magic
A: cleaving, insubstantial, flying, very small, (claws 1), (fangs 3), see
invisible, (speed 1), (shaggy fur 3), (stealthy paws), no weapons or thrown
items, no armour, multi-lived, (antennae 1), deterioration 1, mutation
resistance 1, robust 1, screaming 1, inability to drink after injury 1
0: Orb of Zot
}: 15/15 runes: decaying, serpentine, slimy, silver, golden, iron, obsidian,
icy, bone, abyssal, demonic, glowing, magical, fiery, dark
a: Blinkbolt, Begin Untransformation, Renounce Religion, Potion Petition, Call
Merchant, Bribe Branch


You escaped.
You worshipped Gozag.
Gozag was extremely pleased with you.
You were a lightning-filled tempest!
You visited 17 branches of the dungeon, and saw 87 of its levels.
You visited Pandemonium 3 times, and saw 21 of its levels.
You visited the Abyss 2 times.
You visited 1 bazaar.
You also visited: Trove and Wizlab.

You collected 50165 gold pieces.
You spent 7498 gold pieces at shops.
You paid 25972 gold pieces to Gozag.

Inventory:

Jewellery
 b - the ring "Xeanimp" {rF+ rCorr Dex+6}
   (You found it in a treasure trove)

   [ring of dexterity]

   Dex+6:     It affects your dexterity (+6).
   rF+:       It protects you from fire.
   rCorr:     It protects you from acid and corrosion.
 f - the amulet of Vitality (around neck) {RegenMP++ Regen++}
   (You bought it in a shop on level 4 of the Depths)

   [amulet of magic regeneration]

   RegenMP:   It increases your rate of magic regeneration.
   Regen++:   It increases your rate of health regeneration.
 m - the ring "Tomakh" (left paw) {rC+ rN+++ Will- Dex+4 SInv}
   (You bought it in a shop on level 4 of the Depths)

   [ring of protection from cold]

   Dex+4:     It affects your dexterity (+4).
   rC+:       It protects you from cold.
   rN+++:     It renders you almost immune to negative energy.
   Will-:     It decreases your willpower.
   SInv:      It lets you see invisible.
 D - the ring "Oxeirad" {rN+ Will+ Str+4 Int+3 Slay+3}
   (You took it off a guardian mummy on level 3 of the Crypt)

   [ring of positive energy]

   Str+4:     It affects your strength (+4).
   Int+3:     It affects your intelligence (+3).
   Slay+3:    It affects your accuracy & damage with ranged weapons and melee
   (+3).
   rN+:       It protects you from negative energy.
   Will+:     It increases your willpower.
 X - the ring of Ashenzari, Freezing (right paw) {rF+ Str+3 Dex+6}
   (You found it on level 3 of the Tomb of the Ancients)

   [ring of dexterity]

   Str+3:     It affects your strength (+3).
   Dex+6:     It affects your dexterity (+6).
   rF+:       It protects you from fire.
 Y - the ring "Meliawk" {rC+ Str+3 Int-4}
   (You found it on level 5 of the Pits of Slime)

   [ring of protection from cold]

   Str+3:     It affects your strength (+3).
   Int-4:     It affects your intelligence (-4).
   rC+:       It protects you from cold.
Talismans
 g - a dragon-blood talisman
   (You bought it in a shop on level 4 of the Depths)
 l - a talisman of death
   (You found it on level 2 of the Realm of Zot)
 S - a granite talisman
   (You found it on level 1 of the Snake Pit)
 V - a storm talisman (active)
   (You found it on level 3 of the Elven Halls)
Wands
 k - a wand of quicksilver (65)
   (You found it on level 8 of the Dungeon)
 s - a wand of charming (131)
   (You found it on level 8 of the Dungeon)
 y - a wand of roots (60)
   (You found it on level 11 of the Dungeon)
 F - a wand of digging (17)
   (You found it on level 4 of the Lair of Beasts)
 G - a wand of mindburst (49)
   (You found it on level 5 of the Lair of Beasts)
Scrolls
 a - 11 scrolls of fear
 t - 9 scrolls of teleportation
 x - 7 scrolls of vulnerability
 z - 2 scrolls of blinking
 A - 6 scrolls of fog
 I - 8 scrolls of immolation
 P - a scroll of butterflies
 R - 12 scrolls of poison
Potions
 d - 10 potions of might
 e - 27 potions of mutation
 h - 8 potions of haste
 n - 6 potions of resistance
 q - 22 potions of curing
 r - 12 potions of attraction
 u - 6 potions of ambrosia
 w - 11 potions of heal wounds
 B - 12 potions of enlightenment
 C - 6 potions of brilliance
 H - 2 potions of cancellation
 T - 5 potions of magic
Miscellaneous
 c - the horn of Geryon
   (You took it off Geryon in the Vestibule of Hell)
 j - a figurine of a ziggurat
 J - a phial of floods
   (You found it on level 11 of the Dungeon)
 K - a sack of spiders
   (You found it on level 11 of the Dungeon)
 L - a tin of tremorstones (2/2)
   (You found it on level 11 of the Dungeon)
 N - a phantom mirror
   (You found it on level 11 of the Dungeon)


   Skills:
 O Level 27 Fighting
 O Level 27 Dodging
 O Level 27 Stealth
 O Level 27 Unarmed Combat
 - Level 8.0 Spellcasting
 - Level 20.0 Hexes
 - Level 14.0 Translocations
 - Level 12.0 Transmutations
 - Level 1.0 Invocations
 + Level 21.0 Evocations
 O Level 27 Shapeshifting


You had 23 spell levels left.
You knew the following spells:

 Your Spells              Type           Power      Damage    Failure   Level
a - Wereblood             Tmut           36%        N/A       1%          2
b - Enfeeble              Hex            27%        N/A       3%          7
c - Manifold Assault      Tloc           41%        N/A       1%          4
d - Vhi's Electric Charg  Tloc/Air       46%        N/A       8%          4
r - Blink                 Tloc           82%        N/A       1%          2

Your spell library contained the following spells:

 Spells                   Type           Power      Damage    Failure   Level
 Jinxbite                 Hex            100%       N/A       0%          2
 Tukima's Dance           Hex            55%        N/A       0%          3
 Apportation              Tloc           82%        N/A       1%          1
 Sting                    Tmut/Pois      80%        1d7       1%          1
 Lesser Beckoning         Tloc           82%        N/A       1%          2
 Momentum Strike          Conj/Tloc      46%        3d9       1%          2
 Dazzling Flash           Conj/Hex       62%        N/A       1%          3
 Gell's Gravitas          Tloc           41%        N/A       1%          3
 Inner Flame              Hex/Fire       31%        N/A       1%          3
 Summon Guardian Golem    Hex/Summ       31%        N/A       1%          3
 Teleport Other           Tloc           41%        N/A       1%          3
 Cause Fear               Hex            27%        N/A       1%          4
 Passage of Golubria      Tloc           41%        N/A       1%          4
 Yara's Violent Unravell  Hex/Tmut       23%        3d10      1%          5
 Fulminant Prism          Conj/Hex       15%        3d11      2%          4
 Leda's Liquefaction      Hex/Erth       15%        N/A       2%          4
 Metabolic Englaciation   Hex/Ice        15%        N/A       6%          5
 Silence                  Hex/Air        15%        N/A       6%          5
 Summon Mana Viper        Hex/Summ       31%        N/A       6%          5
 Dispersal                Tloc           20%        N/A       7%          6
 Ignite Poison            Fire/Tmut/Pois 15%        N/A       8%          3
 Iskenderun's Mystic Bla  Conj/Tloc      23%        2d6       8%          4
 Petrify                  Tmut/Erth      20%        N/A       12%         4
 Foxfire                  Conj/Fire      20%        2x1d5     14%         1
 Freeze                   Ice            20%        1d4       14%         1
 Magic Dart               Conj           20%        1d4       14%         1
 Necrotise                Necr           20%        1d5       14%         1
 Sandblast                Erth           10%        2d5       14%         1
 Shock                    Conj/Air       20%        1d4       14%         1
 Summon Small Mammal      Summ           20%        N/A       14%         1
 Cigotuvi's Dreadful Rot  Necr/Pois/Air  10%        N/A       21%         2
 Poisonous Vapours        Pois/Air       10%        N/A       21%         2
 Scorch                   Fire           10%        2d5       21%         2
 Searing Ray              Conj           10%        2d4       21%         2
 Static Discharge         Conj/Air       10%        2-3/arc   21%         2
 Summon Forest            Summ/Tloc      11%        N/A       22%         5
 Discord                  Hex            27%        N/A       24%         8
 Alistair's Intoxication  Tmut/Pois      13%        N/A       32%         5
 Irradiate                Conj/Tmut      10%        3d15      32%         5
 Frozen Ramparts          Ice            10%        1d2       38%         3
 Hailstorm                Conj/Ice       5%         3d4       38%         3
 Mephitic Cloud           Conj/Pois/Air  5%         N/A       38%         3
 Ozocubu's Armour         Ice            5%         N/A       38%         3
 Stone Arrow              Conj/Erth      10%        3d7       38%         3
 Swiftness                Air            5%         N/A       38%         3
 Vampiric Draining        Necr           5%         2d6       38%         3
 Airstrike                Air            2%         2d(1-17)  80%         4
 Flame Wave               Conj/Fire      5%         2d5       80%         4
 Olgreb's Toxic Radiance  Pois           5%         N/A       80%         4
 Sticky Flame             Conj/Fire      5%         2d3       80%         4
 Summon Ice Beast         Ice/Summ       5%         N/A       80%         4
 Summon Lightning Spire   Summ/Air       5%         N/A       80%         4
 Eringya's Noxious Bog    Tmut/Pois      10%        4d6       87%         6
 Disjunction              Tloc           20%        N/A       96%         8
 Agony                    Necr           5%         N/A       98%         5
 Borgnjor's Vile Clutch   Necr/Erth      2%         N/A       98%         5
 Fireball                 Conj/Fire      2%         3d4       98%         5
 Freezing Cloud           Conj/Ice/Air   2%         6-21      98%         5
 Iskenderun's Battlesphe  Conj           5%         2d6       98%         5
 Lee's Rapid Deconstruct  Erth           2%         3d5*      98%         5
 Bombard                  Conj/Erth      2%         9d1       100%        6
 Conjure Ball Lightning   Conj/Air       2%         3x3d6     100%        6
 Death Channel            Necr           2%         N/A       100%        6
 Plasma Beam              Fire/Air       2%         2x1d12    100%        6
 Starburst                Conj/Fire      2%         6d3       100%        6
 Summon Cactus Giant      Summ           2%         N/A       100%        6
 Haunt                    Necr/Summ      2%         N/A       100%        7
 Malign Gateway           Summ/Tloc      11%        N/A       100%        7
 Monstrous Menagerie      Summ           2%         N/A       100%        7
 Ozocubu's Refrigeration  Ice            2%         4d8       100%        7
 Spellforged Servitor     Conj/Summ      2%         N/A       100%        7
 Summon Hydra             Summ           2%         N/A       100%        7
 Borgnjor's Revivificati  Necr           2%         N/A       100%        8
 Ignition                 Fire           2%         3d3       100%        8
 Infestation              Necr           2%         N/A       100%        8
 Lehudib's Crystal Spear  Conj/Erth      2%         10d2      100%        8
 Summon Horrible Things   Summ           2%         N/A       100%        8
 Death's Door             Necr           2%         N/A       100%        9
 Dragon's Call            Summ           2%         N/A       100%        9
 Dimensional Bullseye     Hex/Tloc       Unusable   N/A       N/A         4
 Sublimation of Blood     Necr           Unusable   N/A       N/A         2
 Animate Armour           Summ/Erth      Unusable   N/A       N/A         4
 Animate Dead             Necr           Unusable   N/A       N/A         4
 Simulacrum               Ice/Necr       Unusable   N/A       N/A         6

Dungeon Overview and Level Annotations

Branches:
Dungeon (15/15)            Temple (0/1) D:5            Lair (5/5) D:9
  Swamp (4/4) Lair:2        Snake (4/4) Lair:3        Slime (5/5) Lair:4
    Orc (2/2) D:10            Elf (3/3) Orc:2        Vaults (5/5) D:14
  Crypt (3/3) Vaults:2       Tomb (3/3) Crypt:3      Depths (4/4) D:15
   Hell (visited)             Dis (7/7) Hell            Geh (7/7) Hell
    Coc (7/7) Hell            Tar (7/7) Hell            Zot (5/5) Depths:4
 WizLab (visited)

Altars:
Ashenzari
Elyvilon
Fedhas
Gozag
Hepliaklqana
Kikubaaqudgha
Okawaru
Qazlal
Ru
Sif Muna
Trog
Wu Jian
Xom
Yredelemnul
Zin
The Shining One

Shops:
D:5 (   D:10 ?   Orc:1 [   Orc:2 *!?![=!**   Elf:1 *   Elf:2 [[*   Elf:3 !=:=
Snake:2 (   Snake:4 (   Vaults:1 *   Vaults:2 [[?   Vaults:3 (   Vaults:4 (
Depths:4 =*=

Portals:
Hell: Depths:1 Depths:2 Depths:3 Depths:4
Abyss: Depths:1 Depths:3
Pandemonium: Depths:2
Ziggurat: Depths:4

Annotations:
D:13 3 runed translucent doors, Zituum's ghost, journeyman DESu
D:14 exclusion: 4 guardian mummies
Lair:1 exclusion: oklob plant
Lair:5 exclusion: hydra
Elf:2 5 runed translucent doors
Elf:3 Roxanne
Tar:7 1 exclusion


Innate Abilities, Weirdness & Mutations

You are a lightning-filled tempest!
Your electrical attacks strike out in all directions at once.
You are incredibly evasive.
Your insubstantial body is immune to petrification, constriction, and being set on fire You are flying.
You are immune to poison.
((You have sharp claws.))
((You have razor-sharp teeth.))
You have supernaturally acute eyesight. (SInv)
((You cover ground quickly. (Speed+)))
((Your thick and shaggy fur keeps you warm. (AC +3, rC+)))
((Your paws help you pounce on unaware monsters.))
You are incapable of wielding weapons or throwing items.
You cannot wear armour.
You gain extra lives every three experience levels.
((You have a pair of small antennae on your head.))
Your body sometimes deteriorates upon taking damage.
You are somewhat resistant to further mutation.
You are robust. (+10% HP)
You occasionally shout uncontrollably at your foes.
You occasionally lose the ability to drink potions when taking damage.


Message History

No target in view!
No target in view!
No target in view!
No target in view!
You now have 16639 gold pieces (gained 16).
You feel yourself speed up.
There is a stone staircase leading down here.
HP restored.
Things that are here:
a +0 spear; a +0 whip A sun demon comes into view.
You completely miss the sun demon. You punch the sun demon.
The sun demon is lightly wounded.
The sun demon completely misses you.
You blast the sun demon!!!
You kill the sun demon!
You now have 16643 gold pieces (gained 4).
No target in view!
A red devil comes into view. It is wielding a +0 trident.
You see here a +0 leather armour.
The red devil completely misses you.
You blast the red devil!!!
You kill the red devil!
No target in view!
You now have 16646 gold pieces (gained 3).
You see here a +0 trident.
No target in view!
Okay, then.
Unknown command.
Unknown command.
There is a stone staircase leading up here.
You fly upwards.
There is a stone staircase leading down here.
An Orb Guardian comes into view.
There is an open door here.
You hit the Orb Guardian but do no damage.
Lightning courses through the Orb Guardian!!
The Orb Guardian is moderately wounded.
The Orb Guardian completely misses you.
You barely miss the Orb Guardian.
You punch the Orb Guardian, but do no damage.
The Orb Guardian is moderately wounded.
The Orb Guardian completely misses you.
You buffet the Orb Guardian!
The Orb Guardian is moderately wounded.
You batter the Orb Guardian!!
Lightning courses through the Orb Guardian!!
You punch the Orb Guardian!
You kill the Orb Guardian!
No target in view!
You now have 16663 gold pieces (gained 17).
You see here a +0 whip.
There is a stone staircase leading up here.
You fly upwards.
There is a stone staircase leading down here.
There is a stone staircase leading up here.
You fly upwards.
There is a stone staircase leading down here.
There is a stone staircase leading up here.
You fly upwards.
There is a stone staircase leading down here. 2 sun demons come into view.
A balrug comes into view. It is wielding a +1 demon whip of pain.
The sun demon shouts!
A sun demon comes into view.
You bellow at the sun demon!
The sun demon completely misses you.
You blast the sun demon!!!
You kill the sun demon!
You barely miss the sun demon. The balrug gestures at you.
The sticky flame misses you. The sun demon completely misses you.
You closely miss the sun demon.
You blast the sun demon!!!!
You kill the sun demon!
The balrug completely misses you.
You see here 5 gold pieces.
You blast the balrug!!!!
You kill the balrug!
You blast the sun demon!!!!
You kill the sun demon!
Your Evocations skill increases to level 21!
No target in view!
No target in view!
No target in view!
No target in view!
No target in view!
No target in view!
No target in view!
No target in view!
No target in view!
No target in view!
You now have 16674 gold pieces (gained 11).
You now have 16690 gold pieces (gained 16).
You see here a +1 demon whip of pain.
You now have 16695 gold pieces (gained 5).
You see here a +1 demon whip of pain.
There is an open door here.
There is a staircase leading out of the dungeon here.
Enter note: gg You have escaped!

.........# #.#.#...........#.....
.........# #.#.#.###)..###.#.....
....).#### #.#.#.#.......#.#.....
......######.#.#.#.⌠.#.⌠.#.#.....
........#....#.#.....#.....####..
......#.#.####.#....###....###...
......#.#.####.####..#..#####..#.
...............#..'.....'..##....
###.###...######v.###'###..#.....
#........#####..#.....#..#...[.
#.....#..#...#############.....
###.....#..#...#########.........
.....................#...####....
........#.#.#.#.####.#....# #....
...#...............#.....[# #....
...#...#.#.#.#.#........[.# #....
.................#.#......###...#


There were no monsters in sight!

Vanquished Creatures
  Cerebov (Pan)
  Antaeus (Coc:7)
  Asmodeus (Geh:7)
  the Royal Jelly (Slime:5)
  Gloorx Vloq (Pan)
  Ereshkigal (Tar:7)
  Ignacio (Pan)
  Lom Lobon (Pan)
  Mnoleg (Pan)
  the Serpent of Hell (Coc:7)
  Dispater (Dis:7)
  10 dread liches
  2 ancient liches
  4 orbs of fire
  The ghost of Uneer the Black Belt, a legendary GnFE of Okawaru (Zot:5)
  4 juggernauts
  Mara (Elf:3)
  2 shard shrikes (Coc:7)
  10 royal mummies
  Sojobo (Depths:3)
  Parghit (Zot:3)
  10 Killer Klowns (Zot:5)
  7 pandemonium lords
  2 curse toes
  26 caustic shrikes
  13 golden dragons
  Jory (Vaults:4)
  Geryon (Hell)
  9 profane servitors
  7 bone dragons
  8 Tzitzimimeh
  2 electric golems (Zot:5)
  10 Brimstone Fiends
  11 iron giants
  8 hellephants
  17 Hell Sentinels
  9 Ice Fiends
  13 tentacled monstrosities
  Jorgrun (D:13)
  Asterion (Elf:1)
  A shard shrike skeleton (Crypt:1)
  18 tainted leviathans
  7 titans
  3 quicksilver dragons
  27 Orb Guardians
  The ghost of Plog the Tortoise, an adept AtMo of Okawaru (Vaults:2)
  17 acid blobs
  6 liches
  3 tentacled starspawn (Abyss:4)
  26 searing wretches
  13 sphinxes
  6 deep elf master archers
  30 ancient champions
  30 Executioners (Pan)
  6 death cobs
  9 shadow dragons
  Aizul (Vaults:2)
  Kirke (D:14)
  5 thorn hunters
  14 nagarajas (Snake:4)
  7 tengu reavers
  4 storm dragons
  5 draconian monks
  22 azure jellies
  11 frost giants
  10 revenants
  15 rockslimes
  7 fenstrider witches
  2 draconian knights
  2 daevas (Pan)
  7 deep elf sorcerers
  23 vault wardens
  3 narguns
  37 balrugs
  A ghost moth (Abyss:4)
  15 fire giants
  5 quicksilver elementals
  5 demonspawn warmongers (Pan)
  12 iron dragons
  8 deep elf elementalists
  2 orc warlords
  A juggernaut zombie (Crypt:1)
  3 shard shrike simulacra
  4 spectral caustic shrikes
  A draconian stormcaller (Depths:4)
  3 curse skulls
  14 cacodemons (Pan)
  27 ironbound preservers
  7 draconian shifters
  3 draconian scorchers
  5 draconian annihilators
  34 war gargoyles
  8 quicksilver oozes
  18 reapers
  4 formless jellyfish
  5 spriggan defenders
  3 demonspawn corrupters (Pan)
  2 ghouls (Crypt:3)
  9 ironbound thunderhulks
  26 very ugly things
  An ophan (Pan)
  A juggernaut skeleton (Pan)
  A rockslime zombie (Crypt:3)
  An eleionoma (shapeshifter) (Vaults:5)
  22 stone giants
  4 demonspawn blood saints (Pan)
  4 putrid mouths
  15 elemental wellsprings
  A spectral titan (Tar:7)
  10 bennus (Tomb:3)
  4 deep elf demonologists (Elf:3)
  14 vampire knights
  14 lorocyprocas (Pan)
  8 deep elf annihilators
  9 demonspawn black suns (Pan)
  4 black draconians
  6 eleionomae
  3 green draconians
  Azrael (D:15)
  3 white draconians (Zot:5)
  6 dire elephants
  3 yellow draconians
  8 spark wasps
  4 wendigos
  4 red draconians
  2 bunyips
  3 purple draconians (Zot:5)
  3 spectral quicksilver dragons
  9 eidola
  6 jiangshi
  4 green deaths (Pan)
  10 blizzard demons
  17 mummy priests
  7 ettins
  A crystal guardian (Vaults:3)
  8 deep elf death magi
  An acid blob zombie (Crypt:1)
  10 deep elf high priests
  15 great orbs of eyes
  A spriggan zombie (Crypt:1)
  2 shambling mangroves (WizLab)
  6 fire dragons
  17 iron golems
  2 entropy weavers
  12 yaktaur captains
  Fannar (D:10)
  2 spectral spriggans
  8 ice dragons
  8 rakshasas
  3 juggernaut simulacra
  5 alligators
  20 hydras
  4 hell beasts (Pan)
  15 salamander tyrants
  42 vault guards
  8 caustic shrike simulacra
  8 spriggan air magi
  6 ironbound frosthearts
  3 anacondas
  2 ogre magi (Vaults:5)
  4 catoblepae
  2 peacekeepers
  A death knight (Crypt:1)
  14 boulder beetles
  7 stokers
  15 centaur warriors
  5 satyrs (WizLab)
  7 two-headed ogres
  18 dancing weapons
  A spriggan skeleton (Crypt:1)
  8 death yaks (Lair:5)
  20 tengu warriors
  12 naga warriors
  9 vampire magi
  22 hell hogs
  22 death scarabs
  4 deep troll shamans
  9 demonic crawlers
  19 naga sharpshooters
  3 orc high priests (Orc:2)
  11 spriggan berserkers
  2 titan zombies
  2 spectral nagas
  8 shock serpents
  A spectral dire elephant (Tar:2)
  A thrashing horror (Abyss:4)
  Urug (D:12)
  6 deep troll earth magi
  18 soul eaters
  10 hell knights
  5 crystal echidnas
  A titan skeleton (Crypt:1)
  Nergalle (Lair:1)
  42 sun demons
  6 iron trolls
  16 sixfirhies
  17 skeletal warriors
  3 salamander mystics
  8 deep elf knights
  A spectral anaconda (Tar:3)
  A wretched star (Abyss:4)
  3 skysharks
  A cherub (Pan)
  4 glowing orange brains
  18 shadow wraiths
  11 arcanists
  6 quicksilver dragon simulacra
  6 spriggan druids
  8 goliath frogs
  64 deep trolls
  A shadow demon (Pan)
  A kraken simulacrum (Hell)
  2 naga ritualists (Snake:4)
  A spectral iron dragon (Tar:2)
  9 orc knights
  5 deep elf archers
  10 swamp dragons
  A spectral hydra (Tar:2)
  An anaconda skeleton (Pan)
  2 flayed ghosts
  An orange crystal statue (Abyss:4)
  A bunyip zombie (Hell)
  17 ironbound convokers
  14 bog bodies
  15 lindwurms
  11 harpies
  9 necromancers
  2 occultists
  25 deep elf pyromancers
  4 orc sorcerers
  An alligator zombie (Hell)
  21 phantasmal warriors
  8 mana vipers
  2 oklob plants (WizLab)
  A wolf spider zombie (Crypt:1)
  5 fauns (WizLab)
  3 manticores
  12 salamanders
  A stone giant zombie (Tomb:3)
  17 deep elf zephyrmancers
  21 ugly things
  4 shining eyes
  3 will-o-the-wisps
  A worldbinder (Abyss:4)
  7 elephants
  A dire elephant zombie (Crypt:1)
  5 cyclopes
  23 black mambas
  7 moths of wrath
  11 rust devils
  A shock serpent zombie (Crypt:3)
  An apocalypse crab (Abyss:4)
  3 eyes of devastation
  28 smoke demons
  3 ice statues
  A centaur skeleton (Crypt:1)
  A centaur zombie (Crypt:1)
  18 vault sentinels
  14 orange demons (Pan)
  10 naga magi
  A water nymph (shapeshifter) (Elf:1)
  6 gargoyles
  3 dire elephant skeletons
  5 guardian serpents (Snake:4)
  An unseen horror (shapeshifter) (D:13)
  5 cane toads
  8 molten gargoyles (Geh:7)
  A black draconian zombie (Crypt:2)
  A yellow draconian zombie (Crypt:3)
  4 titan simulacra
  A cane toad (shapeshifter) (D:11)
  2 alligator snapping turtle zombies
  A minotaur zombie (Tomb:1)
  9 unseen horrors
  8 komodo dragons
  A death yak zombie (Crypt:2)
  3 kobold demonologists (D:6)
  A yaktaur (shapeshifter) (Vaults:5)
  2 sea snake zombies (Hell)
  22 hellions
  4 ice devils
  2 tengu conjurers
  30 yaktaurs
  A komodo dragon (shapeshifter) (Elf:2)
  10 freezing wraiths
  2 iron giant simulacra
  4 efreet
  4 spectral harpies
  3 silent spectres
  An ancient zyme (Abyss:4)
  72 guardian mummies
  A harpy zombie (Crypt:1)
  21 tormentors
  5 red devils
  6 trolls
  19 hellwings
  3 polar bears
  6 tyrant leeches
  A meliai (shapeshifter) (Vaults:5)
  3 meliai (D:14)
  3 sea snake skeletons
  3 harpy skeletons
  A radroach zombie (Crypt:2)
  2 hydra skeletons
  A tarantella (Vaults:3)
  An ice dragon zombie (Crypt:1)
  13 hornets
  12 blink frogs
  A blink frog (shapeshifter) (Elf:3)
  A satyr zombie (Crypt:3)
  A meliai zombie (Crypt:1)
  2 raiju (Abyss:4)
  22 flying skulls
  2 dire elephant simulacra
  4 water elementals
  9 ynoxinuls (Pan)
  An ettin skeleton (Tomb:3)
  75 slime creatures
  4 shadows
  3 wyverns
  10 wraiths
  15 spriggans
  5 air elementals
  A vampire (D:11)
  3 small abominations
  30 yaks
  6 fire elementals
  14 ushabtiu
  7 chaos spawn
  12 golden eyes
  2 hogs (D:14)
  9 basilisks
  21 starcursed masses
  16 vampire mosquitoes
  20 neqoxecs
  A steam dragon (D:8)
  A sea snake simulacrum (Hell)
  A redback (Vaults:3)
  12 harpy simulacra
  A warg (D:15)
  A naga zombie (Crypt:1)
  18 swamp worms
  3 acid dragons
  37 nagas
  A hydra simulacrum (Hell)
  30 large abominations
  17 water moccasins
  2 floating eyes
  7 hell hounds
  24 orc warriors
  6 swamp drakes
  A demonspawn skeleton (Crypt:1)
  2 ice beasts (D:6)
  2 black bears
  7 ettin simulacra
  3 ogres (Orc:2)
  6 wolves (Lair:2)
  10 boggarts
  A lindwurm skeleton (Crypt:3)
  4 centaurs
  A dream sheep skeleton (Crypt:3)
  5 kobold brigands
  A rime drake zombie (Crypt:3)
  13 bullfrogs
  3 gnoll sergeants
  3 scorpions
  A necrophage (Crypt:3)
  4 earth elementals
  5 wights (D:9)
  A naga simulacrum (Coc:2)
  18 killer bees
  5 electric eels
  5 howler monkeys
  12 jellies
  3 lava snakes (Lair:4)
  A hound (D:6)
  2 gnoll boudas
  15 orc priests
  A human skeleton (Crypt:2)
  An iguana (shapeshifter) (D:15)
  An iron imp (D:7)
  3 iguanas
  A scorpion zombie (Crypt:1)
  A sleepcap (D:5)
  20 orc wizards
  5 hell rats (Hell)
  44 mummies
  29 gnolls
  14 adders
  A river rat (D:3)
  A swamp drake skeleton (Crypt:2)
  A shadow imp (D:7)
  A white imp (D:5)
  2 ufetubi (Abyss:2)
  A worm zombie (Crypt:2)
  3 worms
  4 dart slugs
  58 orcs
  8 endoplasms
  3 giant cockroaches
  3 goblins
  7 hobgoblins
  3 jackals (D:3)
  2 quokkas
  9 ball pythons
  6 bats
  3 frilled lizards
  2 goblin zombies (D:7)
  A hobgoblin zombie (Crypt:1)
  14 kobolds
  A kobold skeleton (D:7)
  2 kobold zombies (D:7)
  3 orc skeletons (D:7)
  25 rats
  10 ball lightnings (Pan)
  3 creeping infernos
  8 fire vortices
  A lurking horror (Abyss:4)
  A spectral weapon (Pan)
  A starspawn tentacle (Abyss:4)
  2 tentacles (Hell)
3300 creatures vanquished.

Vanquished Creatures (collateral kills)
  Louise (D:14)
  An orc knight (Orc:2)
  A wraith (D:11)
3 creatures vanquished.

Vanquished Creatures (others)
  A caustic shrike (Dis:3)
  A fire giant (Geh:7)
  An orc warlord (Vaults:3)
  A draconian annihilator (Zot:4)
  A demonspawn blood saint (Pan)
  A war gargoyle (Dis:7)
  A deep elf annihilator (Pan)
  A purple draconian (Zot:4)
  A crystal guardian (Vaults:2)
  A blizzard demon (Pan)
  A green death (Pan)
  2 salamander tyrants (Snake:4)
  A rakshasa (Pan)
  A stoker (Hell)
  A goliath frog (Swamp:2)
  A glowing orange brain (Pan)
  A deep troll (Vaults:3)
  An orc knight (Vaults:3)
  A naga mage (Snake:4)
  A smoke demon (Pan)
  An iron giant simulacrum (Coc:4)
  3 bloated husks
  A shadow dragon simulacrum (Coc:1)
  A dire elephant simulacrum (Coc:7)
  3 humans (D:14)
  A vampire mosquito (Swamp:1)
  A harpy simulacrum (Coc:7)
  3 ettin simulacra
  A mummy (D:14)
  3 gnolls (D:8)
  An orc (D:10)
  5 ball lightnings (Pan)
  A creeping inferno (Geh:7)
  14 foxfires (Swamp:4)
  3 starspawn tentacles (Abyss:4)
  2 tentacles (Hell)
65 creatures vanquished.

Grand Total: 3368 creatures vanquished

Notes
Turn   | Place    | Note
-------+----------+-------------------------------------------
     0 | D:1      | Flugkiller the Felid Wanderer began the quest for the Orb.
     0 | D:1      | Flugkiller set off with the following items: a scroll of
                  | fear, a potion of attraction, a wand of polymorph (3), a
                  | potion of mutation, a potion of heal wounds.
     0 | D:1      | Reached XP level 1. HP: 7/7 MP: 3/3
   237 | D:1      | Reached skill level 1 in Fighting
   237 | D:1      | Reached XP level 2. HP: 9/12 MP: 4/4
   962 | D:2      | Reached XP level 3. HP: 9/15 MP: 5/5
  1466 | D:2      | Reached XP level 4. HP: 19/19 MP: 6/6
  1800 | D:3      | Found an ancient bone altar of Kikubaaqudgha.
  1840 | D:3      | Reached skill level 5 in Unarmed Combat
  2009 | D:3      | Found an opulent altar of Gozag.
  2020 | D:3      | Became a worshipper of Gozag Ym Sagoz the Greedy
  2135 | D:3      | Found an ornate altar of the Wu Jian Council.
  2330 | D:3      | Identified the +2 rapier of the Shoals {elec, +Blink rCorr}
  2526 | D:3      | Reached XP level 5. HP: 17/22 MP: 7/7
  2840 | D:4      | Noticed a centaur
  2850 | D:4      | Killed a centaur
  2851 | D:4      | Reached skill level 5 in Dodging
  2851 | D:4      | Gained mutation: You are covered in thick fur. (AC +2)
                  | [Felid growth]
  2851 | D:4      | Reached XP level 6. HP: 17/26 MP: 8/8
  3565 | D:4      | Found a white marble altar of Elyvilon.
  3737 | D:5      | Entered Level 5 of the Dungeon
  3752 | D:5      | Found a staircase to the Ecumenical Temple.
  4223 | D:5      | Reached XP level 7. HP: 29/30 MP: 9/9
  4334 | D:5      | Found Yrchoamai's Firing Range.
  4520 | D:5      | Found a shimmering blue altar of Sif Muna.
  4722 | D:5      | You fall into a shaft and drop 1 floor!
  5212 | D:6      | Noticed a kobold demonologist
  5220 | D:6      | Reached XP level 8. HP: 34/34 MP: 10/10
  5242 | D:6      | Noticed an ice devil
  5245 | D:6      | Noticed a kobold demonologist
  5251 | D:6      | Noticed an ice devil
  5255 | D:6      | Killed a kobold demonologist
  5256 | D:6      | Noticed a kobold demonologist
  5288 | D:6      | Killed a kobold demonologist
  5307 | D:6      | Reached skill level 10 in Unarmed Combat
  5315 | D:6      | Noticed a rust devil
  5316 | D:6      | Killed a kobold demonologist
  5317 | D:6      | Reached XP level 9. HP: 29/39 MP: 11/11
  5822 | D:6      | Reached skill level 5 in Fighting
  6621 | D:7      | Found a glowing golden altar of the Shining One.
  6740 | D:7      | Found a sacrificial altar of Ru.
  7119 | D:7      | Identified a scroll of acquirement
  7123 | D:7      | Acquired the ring of Kexujujo {rF+ Dex+3}
  7335 | D:5      | Reached skill level 1 in Shapeshifting
  7705 | D:5      | Found a staircase to the Ecumenical Temple.
  7763 | D:5      | Found Yrchoamai's Firing Range.
  7810 | D:5      | Found a shimmering blue altar of Sif Muna.
  8336 | D:3      | Found an opulent altar of Gozag.
  8415 | D:3      | Found an ancient bone altar of Kikubaaqudgha.
  8475 | D:3      | Found an ornate altar of the Wu Jian Council.
  9168 | D:4      | Found a white marble altar of Elyvilon.
 10540 | D:7      | Found a glowing golden altar of the Shining One.
 10673 | D:7      | Found a sacrificial altar of Ru.
 10845 | D:8      | Found a bloodstained altar of Trog.
 10917 | D:8      | Found a broken altar of Ashenzari.
 11392 | D:8      | Reached skill level 5 in Shapeshifting
 11898 | D:8      | Found a shimmering altar of Xom.
 12301 | D:9      | Found an iron altar of Okawaru.
 12349 | D:9      | Found a staircase to the Lair.
 12450 | D:9      | Reached XP level 10. HP: 27/44 MP: 12/12
 13040 | D:9      | Found a blossoming altar of Fedhas.
 13356 | D:10     | Entered Level 10 of the Dungeon
 13372 | D:10     | Noticed a two-headed ogre
 13387 | D:10     | Killed a two-headed ogre
 13433 | D:10     | Found a staircase to the Orcish Mines.
 14017 | D:10     | Found Hoypuo's Magic Scroll Emporium.
 14023 | D:10     | Bought 2 scrolls of fear for 104 gold pieces
 14035 | D:10     | Found a glowing silver altar of Zin.
 14408 | D:10     | Found a glowing silver altar of Zin.
 14434 | D:10     | Found Hoypuo's Magic Scroll Emporium.
 14560 | D:10     | Found a staircase to the Orcish Mines.
 14800 | D:11     | Reached skill level 10 in Shapeshifting
 14912 | D:11     | Reached skill level 5 in Stealth
 14936 | D:11     | Noticed a gargoyle
 15521 | D:11     | Noticed a gargoyle
 15629 | D:11     | Killed a gargoyle
 15630 | D:11     | Reached XP level 11. HP: 48/48 MP: 13/13
 15639 | D:11     | Noticed a two-headed ogre
 15640 | D:11     | Mangled by a two-headed ogre
 15845 | D:11     | Killed a two-headed ogre
 16285 | D:11     | Noticed a two-headed ogre
 16301 | D:11     | Killed a two-headed ogre
 16469 | D:11     | Noticed a deep elf pyromancer
 16477 | D:11     | Reached skill level 10 in Dodging
 16481 | D:11     | Killed a deep elf pyromancer
 16671 | D:11     | Found the +8 demon trident "Rift" {distort, reach+}
 16671 | D:11     | Noticed a two-headed ogre
 16671 | D:11     | Noticed a yaktaur captain
 16671 | D:11     | Noticed a two-headed ogre
 16671 | D:11     | Noticed a cyan ugly thing
 16674 | D:11     | Noticed a two-headed ogre
 16981 | Lair:1   | Entered Level 1 of the Lair of Beasts
 17188 | Lair:1   | Noticed Nergalle
 17794 | Lair:1   | Noticed an oklob plant
 17848 | Lair:1   | Killed Nergalle
 17849 | Lair:1   | Gained mutation: Your thick and shaggy fur keeps you warm.
                  | (AC +3, rC+) [Felid growth]
 17849 | Lair:1   | Reached XP level 12. HP: 54/54 MP: 14/14
 18126 | Lair:2   | Noticed a seven-headed hydra
 18149 | Lair:2   | Killed a seven-headed hydra
 18866 | Lair:2   | Found a staircase to the Swamp.
 20185 | Lair:3   | Found a staircase to the Snake Pit.
 21177 | Lair:4   | Noticed a seven-headed hydra
 21180 | Lair:4   | Noticed a catoblepas
 21188 | Lair:4   | Killed a seven-headed hydra
 21189 | Lair:4   | Reached skill level 10 in Fighting
 21457 | Lair:4   | Found a staircase to the Slime Pits.
 21884 | Lair:4   | Killed a catoblepas
 22013 | Lair:4   | Reached XP level 13. HP: 48/61 MP: 15/15
 22832 | Lair:5   | Entered Level 5 of the Lair of Beasts
 24397 | Lair:5   | Reached skill level 5 in Evocations
 25822 | D:12     | Noticed Snorg
 25838 | D:12     | Snorg changed into Snorg the harpy
 25838 | D:12     | Noticed Snorg
 25845 | D:12     | Killed Snorg the harpy
 25981 | D:12     | Noticed Urug
 26221 | D:12     | Killed Urug
 26276 | D:12     | Noticed Frances
 26701 | D:12     | Frances changed into Frances the dire elephant
 26701 | D:12     | Noticed Frances
 26724 | D:12     | Killed Frances the dire elephant
 26725 | D:12     | Reached XP level 14. HP: 61/66 MP: 16/16
 27524 | D:13     | Noticed Jorgrun
 29104 | D:13     | Killed Jorgrun
 29495 | D:13     | Found a runed translucent gate.
 29495 | D:13     | Found a runed translucent gate.
 29495 | D:13     | Found a runed translucent gate.
 29508 | D:13     | Noticed Zituum's ghost (journeyman DESu)
 30040 | D:14     | Noticed Kirke
 30061 | D:14     | Killed Kirke
 30240 | D:14     | Noticed a reaper
 30240 | D:14     | Noticed a reaper
 30240 | D:14     | Noticed a reaper
 30240 | D:14     | Noticed a reaper
 30240 | D:14     | Noticed a reaper
 30373 | D:14     | Noticed Louise
 30621 | D:14     | Killed Louise
 31660 | D:14     | Reached skill level 15 in Unarmed Combat
 31829 | D:14     | Found a gate to the Vaults.
 32291 | D:15     | Entered Level 15 of the Dungeon
 32686 | D:15     | Noticed Azrael
 32999 | D:15     | Reached XP level 15. HP: 40/72 MP: 17/17
 33464 | D:15     | Found a sacrificial altar of Ru.
 34369 | Orc:1    | Entered Level 1 of the Orcish Mines
 34374 | Orc:1    | Noticed Fannar
 34391 | D:10     | Killed Fannar
 34784 | Orc:1    | Found Laraosk's Armour Shop.
 35057 | Orc:2    | Entered Level 2 of the Orcish Mines
 35340 | Orc:2    | Found Ceecoecvov's Assorted Antiques.
 35348 | Orc:2    | Bought a scroll of teleportation for 93 gold pieces
 36361 | Orc:2    | Paralysed by a floating eye for 4 turns
 36680 | Orc:2    | Found a staircase to the Elven Halls.
 37213 | Orc:2    | Reached skill level 15 in Dodging
 37224 | Orc:2    | Found Giocsyde's Antique Armour Emporium.
 37224 | Orc:2    | Found Desafoosh's Distillery.
 37226 | Orc:2    | Found Ossaipeo's Magic Scroll Emporium.
 37226 | Orc:2    | Found Wakh's Distillery.
 37235 | Orc:2    | Bought a potion of heal wounds for 65 gold pieces
 37235 | Orc:2    | Bought a potion of heal wounds for 65 gold pieces
 37235 | Orc:2    | Bought a potion of heal wounds for 65 gold pieces
 37239 | Orc:2    | Bought a potion of cancellation for 96 gold pieces
 37239 | Orc:2    | Bought a potion of haste for 120 gold pieces
 37239 | Orc:2    | Bought a potion of might for 48 gold pieces
 37239 | Orc:2    | Bought a potion of resistance for 120 gold pieces
 37239 | Orc:2    | Bought a potion of resistance for 120 gold pieces
 37241 | Orc:2    | Bought a potion of mutation for 104 gold pieces
 37242 | Orc:2    | Bought a scroll of fear for 60 gold pieces
 37242 | Orc:2    | Bought a scroll of immolation for 60 gold pieces
 37242 | Orc:2    | Bought a scroll of fog for 60 gold pieces
 37242 | Orc:2    | Bought a scroll of fog for 60 gold pieces
 37252 | Orc:2    | Bought an amulet of guardian spirit for 300 gold pieces
 37261 | Orc:2    | Bought a scroll of blinking for 97 gold pieces
 37261 | Orc:2    | Bought a potion of mutation for 104 gold pieces
 37262 | Orc:2    | Bought a potion of mutation for 144 gold pieces
 37262 | Orc:2    | Bought a potion of heal wounds for 90 gold pieces
 37262 | Orc:2    | Bought a potion of invisibility for 144 gold pieces
 37262 | Orc:2    | Bought a potion of heal wounds for 90 gold pieces
 37262 | Orc:2    | Bought a potion of mutation for 144 gold pieces
 37262 | Orc:2    | Bought a potion of mutation for 144 gold pieces
 37263 | Orc:2    | Bought a runed bone ring for 95 gold pieces
 37266 | Orc:2    | Gained mutation: You are agile. (Dex +4, Str/Int -1)
                  | [potion of mutation]
 37491 | Snake:1  | Entered Level 1 of the Snake Pit
 37496 | Snake:1  | Found a shimmering altar of Xom.
 38071 | Snake:1  | Reached skill level 15 in Shapeshifting
 38310 | Snake:2  | Found Meidogup's Antique Weapon Boutique.
 40347 | Snake:4  | Entered Level 4 of the Snake Pit
 40376 | Snake:4  | Reached skill level 10 in Evocations
 40382 | Snake:4  | Reached XP level 16. HP: 76/76 MP: 18/18
 40518 | Snake:4  | Found Gaip's Weapon Boutique.
 41983 | Snake:4  | Got a serpentine rune of Zot
 42246 | Swamp:1  | Entered Level 1 of the Swamp
 42451 | Swamp:1  | Reached XP level 17. HP: 81/81 MP: 19/19
 44267 | Swamp:4  | Entered Level 4 of the Swamp
 44373 | Swamp:4  | Noticed a tentacled monstrosity
 44383 | Swamp:4  | Killed a tentacled monstrosity
 45053 | Swamp:4  | Got a decaying rune of Zot
 45174 | Swamp:4  | Noticed a tentacled monstrosity
 45183 | Swamp:4  | Killed a tentacled monstrosity
 45584 | Vaults:5 | Identified the of Xudiriot
 45584 | Vaults:5 | Identified the of Otwur
 45584 | Vaults:5 | Identified the "Goatunuk"
 45584 | Elf:1    | Identified the of Awuonet
 45584 | Elf:1    | Identified the "Kiamoh"
 45584 | Elf:1    | Identified the "Zuir"
 45584 | Elf:1    | Identified the "Niagooc"
 45584 | Elf:1    | Entered Level 1 of the Elven Halls
 45707 | Elf:1    | Reached XP level 18. HP: 87/87 MP: 17/20
 45929 | Elf:1    | Noticed Asterion
 45973 | Elf:1    | Killed Asterion
 46373 | Elf:1    | Found Zingish's Assorted Antiques.
 46567 | Elf:2    | Found Juihygi's Assorted Antiques.
 46596 | Elf:2    | Bought a scroll labelled OTOWKEVVOAH for 36 gold pieces
 46606 | Elf:2    | Found Siusount's Armour Shop.
 46676 | Elf:2    | Found Kosih's Armour Shop.
 47004 | Elf:2    | Found a huge runed translucent gate.
 47004 | Elf:2    | Found a huge runed translucent gate.
 47004 | Elf:2    | Found a huge runed translucent gate.
 47004 | Elf:2    | Found a huge runed translucent gate.
 47005 | Elf:2    | Found a huge runed translucent gate.
 47074 | Elf:3    | Identified the of Ceigav
 47074 | Elf:3    | Identified the of Utolai
 47074 | Elf:3    | Identified the "Jeunnoke"
 47074 | Elf:3    | Identified the "Dusuhis"
 47074 | Elf:3    | Entered Level 3 of the Elven Halls
 47261 | Elf:3    | Noticed Mara
 47273 | Elf:3    | Noticed Flugkiller's illusion
 47275 | Elf:3    | Killed Mara
 47289 | Elf:3    | Noticed Roxanne
 47405 | Elf:3    | Found Joujyd's Book Shoppe.
 47406 | Elf:3    | Found Ybasympu's Jewellery Shop.
 47406 | Elf:3    | Found Baegh's Jewellery Shop.
 47796 | Elf:3    | Paralysed by an air elemental for 1 turns
 47814 | Elf:3    | Reached skill level 15 in Fighting
 47847 | Elf:3    | Identified the +6 mace "Poaskid" {heavy, +Blink Will+ rCorr
                  | Dex+2}
 48028 | Elf:3    | Identified the +0 ring mail "Benypt" {rC++ Stlth-}
 48087 | Elf:3    | Identified the +10 scimitar of Precise Incision {heavy,
                  | rN+}
 48195 | Elf:3    | Identified the +7 double sword "Laotian" {distort, rF++
                  | Str+3}
 48408 | Elf:3    | Paralysed by an air elemental for 1 turns
 48454 | Elf:3    | Found Kyuh's Distillery.
 48460 | Elf:3    | Bought a potion of mutation for 128 gold pieces
 48460 | Elf:3    | Bought 2 potions of mutation for 256 gold pieces
 48460 | Elf:3    | Bought a potion of might for 64 gold pieces
 48460 | Elf:3    | Bought a potion of ambrosia for 128 gold pieces
 48534 | Elf:3    | Reached XP level 19. HP: 93/93 MP: 21/21
 48987 | Vaults:1 | Entered Level 1 of the Vaults
 48995 | Vaults:1 | Found Mutimifu's Assorted Antiques.
 49003 | Vaults:1 | Bought a scroll of blinking for 240 gold pieces
 49033 | Vaults:1 | Bought a potion of cancellation for 256 gold pieces
 50726 | Vaults:2 | Found a staircase to the Crypt.
 50782 | Vaults:2 | Noticed Aizul
 50788 | Vaults:2 | Killed Aizul
 50848 | Vaults:2 | Found Nuoty's Armour Shoppe.
 50909 | Vaults:2 | Found Hous's Magic Scroll Shop.
 50919 | Vaults:2 | Bought a scroll of revelation for 127 gold pieces
 50959 | Vaults:2 | Found Jyguy's Antique Armour Boutique.
 51314 | Vaults:2 | Reached XP level 20. HP: 97/97 MP: 22/22
 51352 | Vaults:2 | Found a runed translucent door.
 51352 | Vaults:2 | Found a shimmering altar of Xom.
 51352 | Vaults:2 | Noticed Plog's ghost (adept AtMo)
 51352 | Vaults:2 | Identified the +3 quarterstaff of Ilyru {chaos, rF+}
 51877 | Vaults:3 | Found a portal to a secret trove of treasure.
 52006 | Vaults:3 | Found Serauz's Weapon Shoppe.
 52366 | Vaults:3 | Acquired 815 gold pieces
 53087 | Vaults:4 | Found Sibluy's Antique Weapon Shop.
 53136 | Vaults:4 | Found a flickering gateway to a bazaar.
 53147 | Bazaar   | Entered a bazaar
 53147 | Bazaar   | Found Omoloser's Jewellery Emporium.
 53147 | Bazaar   | Found Kuycva's Armour Boutique.
 53152 | Bazaar   | Found Gieq Ozi's Weapon Shop.
 53178 | Bazaar   | Found Ciqoro's Armour Shop.
 53183 | Bazaar   | Found Taike's Magic Scroll Shop.
 53191 | Bazaar   | Bought a scroll of blinking for 105 gold pieces
 53191 | Bazaar   | Bought a scroll of revelation for 105 gold pieces
 53206 | Bazaar   | Bought a scroll of teleportation for 42 gold pieces
 53206 | Bazaar   | Bought a scroll of teleportation for 42 gold pieces
 53206 | Bazaar   | Bought a scroll of immolation for 56 gold pieces
 54304 | Vaults:4 | Noticed Jory
 54320 | Vaults:4 | Killed Jory
 54925 | Slime:1  | Entered Level 1 of the Pits of Slime
 54952 | Slime:1  | Reached XP level 21. HP: 98/103 MP: 21/23
 55020 | Slime:2  | Gained mutation: You are vulnerable to cold. (rC-) [a
                  | shining eye]
 55024 | Slime:1  | Gained mutation: You sometimes lose your temper in combat.
                  | [a shining eye]
 55176 | Lair:4   | Lost mutation: You sometimes lose your temper in combat.
                  | [potion of mutation]
 55176 | Lair:4   | Lost mutation: You are agile. (Dex +4, Str/Int -1) [potion
                  | of mutation]
 55176 | Lair:4   | Lost mutation: You are vulnerable to cold. (rC-) [potion of
                  | mutation]
 55176 | Lair:4   | Gained mutation: You are robust. (+10% HP) [potion of
                  | mutation]
 55176 | Lair:4   | Gained mutation: You have a pair of small antennae on your
                  | head. [potion of mutation]
 55508 | Slime:5  | Entered Level 5 of the Pits of Slime
 56173 | Slime:5  | Noticed the Royal Jelly
 56207 | Slime:5  | Killed the Royal Jelly
 56655 | Slime:5  | Identified the amulet of Starshine {Acrobat rC+ Stlth+}
 56660 | Slime:5  | Identified the ring "Meliawk" {rC+ Str+3 Int-4}
 56782 | Slime:5  | Got a slimy rune of Zot
 57662 | Vaults:3 | You showed the slimy rune of Zot to enter a treasure trove
 57663 | Trove    | Entered a treasure trove
 57702 | Trove    | Identified the ring "Xeanimp" {rF+ rCorr Dex+6}
 57720 | Trove    | Identified the amulet of the Loving King {Reflect Int+2
                  | SH+5}
 57896 | Vaults:5 | Entered Level 5 of the Vaults
 57920 | Vaults:5 | Noticed a golden dragon
 57926 | Vaults:5 | Killed a golden dragon
 58035 | Vaults:5 | Noticed a dread lich
 58068 | Vaults:5 | Killed a dread lich
 58275 | Vaults:5 | Noticed a dread lich
 58289 | Vaults:5 | Killed a dread lich
 58290 | Vaults:5 | Reached XP level 22. HP: 110/125 MP: 20/24
 58977 | Vaults:5 | Got a silver rune of Zot
 59083 | Vaults:5 | Identified the +0 chain mail of Tulips {Drain rElec rC+++
                  | Regen+}
 59742 | Crypt:1  | Entered Level 1 of the Crypt
 59992 | Vaults:2 | Killed Plog's ghost
 59993 | Vaults:2 | Identified the ring of Haramoni {Will+ Str+4 Slay+2}
 61225 | Crypt:2  | Identified the +5 scale mail of Qiuwk {rC+ Will+ Slay-5}
 61288 | Crypt:2  | Found the +8 Vampire's Tooth {megavamp}
 61435 | Crypt:1  | Found an ancient bone altar of Kikubaaqudgha.
 61492 | Crypt:3  | Entered Level 3 of the Crypt
 61693 | Crypt:3  | Reached XP level 23. HP: 121/130 MP: 22/25
 62041 | Crypt:3  | Acquired 646 gold pieces
 62185 | Crypt:3  | Noticed a royal mummy
 62217 | Crypt:3  | Identified the +8 bardiche of Moderation {drain, rPois rN+
                  | SInv Stlth+}
 62551 | Crypt:3  | Found a staircase to the Tomb.
 62857 | Crypt:3  | Identified the ring of Guesm {rPois rN+ Int+2}
 62899 | Crypt:3  | Identified the ring "Oxeirad" {rN+ Will+ Str+4 Int+3
                  | Slay+3}
 62951 | Crypt:3  | Killed a royal mummy
 63001 | Crypt:3  | Identified the +7 broad axe "Tozateg" {vamp, +Blink rPois
                  | rC+ rN+}
 63112 | Crypt:3  | Identified the ring "Xedost" {rPois rN+}
 63616 | Tomb:1   | Entered Level 1 of the Tomb of the Ancients
 64285 | Tomb:1   | Noticed a royal mummy
 64800 | Tomb:1   | Noticed a royal mummy
 65142 | Tomb:1   | Killed a royal mummy
 65540 | Tomb:3   | Identified the of Tejicsue
 65540 | Tomb:3   | Identified the "Eroumu"
 65540 | Tomb:3   | Identified the "Acziepla"
 65540 | Tomb:3   | Entered Level 3 of the Tomb of the Ancients
 65597 | Tomb:3   | Identified the ring "Pisu" {rC+ Int+3}
 65597 | Tomb:3   | Found the +10 dark maul {heavy}
 65622 | Tomb:3   | Noticed a royal mummy
 65633 | Tomb:3   | Got a golden rune of Zot
 65699 | Tomb:3   | Noticed a royal mummy
 65712 | Tomb:3   | Killed a royal mummy
 65760 | Tomb:3   | Noticed a royal mummy
 65760 | Tomb:3   | Noticed a royal mummy
 65779 | Tomb:3   | Reached skill level 10 in Stealth
 65779 | Tomb:3   | Killed a royal mummy
 65790 | Tomb:3   | Killed a royal mummy
 65798 | Tomb:3   | Noticed a royal mummy
 65801 | Tomb:3   | Noticed a royal mummy
 65811 | Tomb:3   | Identified the amulet "Zupeu" {Reflect Fragile Int+5 Slay+3
                  | SH+5 Stlth+}
 65828 | Tomb:3   | Noticed a royal mummy
 65839 | Tomb:3   | HP: 1/135 [something (12)]
 66202 | Tomb:3   | Killed a royal mummy
 66526 | Tomb:3   | Killed a royal mummy
 66534 | Tomb:3   | Killed a royal mummy
 66553 | Tomb:3   | Killed a royal mummy
 66554 | Tomb:3   | Reached XP level 24. HP: 36/136 MP: 8/25
 66719 | Tomb:3   | Noticed a royal mummy
 66732 | Tomb:3   | Killed a royal mummy
 66733 | Tomb:3   | Reached skill level 15 in Stealth
 66993 | Tomb:3   | Identified the ring of Ashenzari, Freezing {rF+ Str+3
                  | Dex+6}
 67702 | D:15     | Found a staircase to the Depths.
 67743 | D:15     | Killed Azrael
 67879 | Depths:1 | Entered Level 1 of the Depths
 67880 | Depths:1 | Found a basalt altar of Yredelemnul.
 67955 | Depths:1 | Found a glowing golden altar of the Shining One.
 67956 | Depths:1 | Found a glowing silver altar of Zin.
 67962 | Depths:1 | Found a gateway to Hell.
 67963 | Depths:1 | Found a magical portal.
 67972 | WizLab   | Entered Eringya's Formal Garden
 68233 | WizLab   | Found a blossoming altar of Fedhas.
 68488 | Depths:1 | Found a one-way gate to the infinite horrors of the Abyss.
 68536 | Depths:1 | Found a white marble altar of Elyvilon.
 69865 | Depths:2 | Found a white marble altar of Elyvilon.
 70048 | Depths:2 | Found a stormy altar of Qazlal.
 70385 | Depths:2 | Found a bloodstained altar of Trog.
 70387 | Depths:2 | Found a one-way gate leading to the halls of Pandemonium.
 70591 | Depths:2 | Found a glowing golden altar of the Shining One.
 71099 | Depths:3 | You are sucked into a shaft and drop 1 floor!
 71099 | Depths:4 | Entered Level 4 of the Depths
 71114 | Depths:4 | Noticed a juggernaut
 71121 | Depths:4 | Killed a juggernaut
 71122 | Depths:4 | Reached XP level 25. HP: 145/145 MP: 25/25
 71697 | Depths:4 | Found a gate to the Realm of Zot.
 71788 | Depths:4 | Found a one-way gateway to a ziggurat.
 72103 | Depths:3 | Found a hazy altar of Hepliaklqana.
 72235 | Depths:3 | Reached skill level 27 in Stealth
 72280 | Depths:3 | Learned a level 2 spell: Wereblood
 72380 | Depths:3 | Reached skill level 1 in Transmutations
 72882 | Depths:3 | Noticed Sojobo
 72901 | Depths:3 | Killed Sojobo
 72902 | Depths:3 | Reached skill level 5 in Transmutations
 72974 | Depths:4 | Bought the amulet of Vitality {RegenMP++ Regen++} for 1200
                  | gold pieces
 72974 | Depths:4 | Found the amulet of Vitality {RegenMP++ Regen++}
 72993 | Depths:4 | Bought the ring "Tomakh" {rC+ rN+++ Will- Dex+4 SInv} for
                  | 921 gold pieces
 73065 | Tar:7    | Identified the "Vumorofa"
 73065 | Tar:7    | Identified the "Ubump"
 73065 | Coc:7    | Identified the "Qucioq"
 73065 | Dis:7    | Identified the "Codant"
 73065 | Pan      | Entered Pandemonium
 73176 | Pan      | Noticed Ignacio
 73202 | Pan      | Killed Ignacio
 73363 | Pan      | Noticed Befut the pandemonium lord
 73370 | Pan      | Killed Befut the pandemonium lord
 73372 | Pan      | Got a demonic rune of Zot
 73471 | Pan      | Noticed Ycrom the pandemonium lord
 73489 | Pan      | Killed Ycrom the pandemonium lord
 73534 | Pan      | Found an exit through the horrors of the Abyss.
 73551 | Pan      | Took an exit into the Abyss.
 73551 | Abyss:1  | Escaped into the Abyss
 73553 | Abyss:1  | Found a corrupted altar of Lugonu.
 73564 | Abyss:1  | Found a corrupted altar of Lugonu.
 73603 | Abyss:1  | Found a corrupted altar of Lugonu.
 73635 | Abyss:1  | Found a corrupted altar of Lugonu.
 73638 | Abyss:1  | Found a transporter.
 73661 | Abyss:2  | Found a corrupted altar of Lugonu.
 73739 | Abyss:3  | Found a corrupted altar of Lugonu.
 73831 | Abyss:4  | Got an abyssal rune of Zot
 73861 | Abyss:4  | Found a transporter.
 73910 | Abyss:4  | Found a transporter.
 73961 | Depths:2 | Escaped the Abyss
 73963 | Pan      | Identified the "Dycvushru"
 73963 | Pan      | Entered the realm of Cerebov.
 73963 | Pan      | Entered Pandemonium
 74077 | Pan      | Reached XP level 26. HP: 149/149 MP: 30/30
 74235 | Pan      | Identified the +0 battleaxe of the Mind {speed, +Blink}
 74272 | Pan      | Identified the +8 trident of Light {freeze, rC+ Dex+3}
 74323 | Pan      | Identified the ring "Danoa" {Ice rCorr Int+8 Stlth-}
 74347 | Pan      | Found the +6 sword of Cerebov {flame}
 74347 | Pan      | Noticed Cerebov
 74381 | Pan      | Killed Cerebov
 74484 | Pan      | Got a fiery rune of Zot
 74621 | Pan      | Reached skill level 10 in Transmutations
 74935 | Pan      | Gained mutation: You are somewhat resistant to further
                  | mutation. [a neqoxec]
 74952 | Pan      | Noticed Diqashromm the pandemonium lord
 74962 | Pan      | Killed Diqashromm the pandemonium lord
 74973 | Depths:2 | Escaped Pandemonium
 75010 | Pan      | Entered Pandemonium
 75025 | Pan      | Reached skill level 15 in Evocations
 75139 | Pan      | Noticed Ichia the pandemonium lord
 75145 | Pan      | Annihilated by Ichia the pandemonium lord
 75353 | Pan      | Killed Ichia the pandemonium lord
 75461 | Pan      | Gained mutation: You occasionally lose the ability to drink
                  | potions when taking damage. [a cacodemon]
 75803 | Pan      | Found an exit through the horrors of the Abyss.
 75918 | Pan      | Noticed Buplanaun the pandemonium lord
 76002 | Pan      | Entered the realm of Lom Lobon.
 76548 | Pan      | Noticed Lom Lobon
 76623 | Pan      | HP: 6/225 [spore (12)]
 76645 | Pan      | Killed Lom Lobon
 76674 | Pan      | Got a magical rune of Zot
 77102 | Pan      | Identified the "Goxeaso"
 77108 | Pan      | Entered the realm of Gloorx Vloq.
 77367 | Pan      | Reached XP level 27. HP: 155/155 MP: 30/30
 77828 | Pan      | Noticed Gloorx Vloq
 77923 | Pan      | Killed Gloorx Vloq
 77942 | Pan      | Got a dark rune of Zot
 78089 | Pan      | Learned a level 7 spell: Enfeeble
 78113 | Pan      | Noticed Ixumi the pandemonium lord
 78142 | Pan      | Reached skill level 1 in Hexes
 78385 | Pan      | Noticed Zipizer the pandemonium lord
 78403 | Pan      | Killed Zipizer the pandemonium lord
 78415 | Pan      | Identified the of Akuen
 78415 | Pan      | Entered the realm of Mnoleg.
 78470 | Pan      | Noticed Mnoleg
 78481 | Pan      | Reached skill level 5 in Spellcasting
 78491 | Pan      | Gained mutation: Your body sometimes deteriorates upon
                  | taking damage. [a cacodemon]
 78502 | Pan      | Killed Mnoleg
 78503 | Pan      | Reached skill level 5 in Hexes
 78737 | Pan      | Got a glowing rune of Zot
 78809 | Pan      | Found an exit through the horrors of the Abyss.
 78820 | Pan      | Took an exit into the Abyss.
 78820 | Abyss:4  | Escaped into the Abyss
 78822 | Abyss:4  | Found a corrupted altar of Lugonu.
 79018 | Abyss:4  | Noticed a dread lich
 79023 | Abyss:4  | Found a corrupted altar of Lugonu.
 79024 | Abyss:4  | Killed a dread lich
 79027 | Abyss:4  | Found a corrupted altar of Lugonu.
 79038 | Depths:2 | Escaped the Abyss
 79066 | Hell     | Entered the Vestibule of Hell
 79066 | Hell     | Noticed Geryon
 79084 | Hell     | Killed Geryon
 79294 | Hell     | Reached skill level 10 in Hexes
 79488 | Hell     | Found a gateway to the decaying netherworld of Tartarus.
 79659 | Hell     | Found a gateway to the ashen valley of Gehenna.
 79747 | Hell     | Found a gateway to the freezing wastes of Cocytus.
 79919 | Hell     | Found a gateway to the Iron City of Dis.
 79999 | Depths:4 | Bought a dragon-blood talisman for 1200 gold pieces
 80104 | Geh:1    | Entered Level 1 of Gehenna
 80166 | Hell     | Learned a level 4 spell: Manifold Assault
 80173 | Geh:1    | Reached skill level 1 in Translocations
 80190 | Geh:1    | Learned a level 4 spell: Vhi's Electric Charge
 80365 | Geh:1    | Reached skill level 15 in Hexes
 80398 | Geh:2    | Reached skill level 5 in Translocations
 81459 | Geh:6    | Reached skill level 10 in Translocations
 81700 | Geh:7    | Entered Level 7 of Gehenna
 82116 | Geh:7    | Found the +13 sceptre of Asmodeus
 82116 | Geh:7    | Noticed Asmodeus
 82128 | Geh:7    | Killed Asmodeus
 82149 | Geh:7    | Got an obsidian rune of Zot
 82627 | Dis:1    | Entered Level 1 of the Iron City of Dis
 82946 | Dis:3    | Noticed a juggernaut
 82961 | Dis:3    | Killed a juggernaut
 83312 | Dis:5    | Noticed a dread lich
 83327 | Dis:5    | Killed a dread lich
 83651 | Dis:7    | Entered Level 7 of the Iron City of Dis
 83932 | Dis:7    | Noticed a juggernaut
 83959 | Dis:7    | Killed a juggernaut
 84062 | Dis:7    | Noticed a juggernaut
 84079 | Dis:7    | Killed a juggernaut
 84285 | Dis:7    | Noticed Dispater
 84318 | Dis:7    | Killed Dispater
 84382 | Dis:7    | Got an iron rune of Zot
 84614 | Tar:1    | Entered Level 1 of Tartarus
 84703 | Tar:2    | Noticed a dread lich
 84720 | Tar:2    | Killed a dread lich
 84856 | Tar:3    | Noticed a dread lich
 84864 | Tar:3    | Killed a dread lich
 85420 | Tar:5    | Noticed an ancient lich
 85430 | Tar:5    | Killed an ancient lich
 85659 | Tar:7    | Entered Level 7 of Tartarus
 85849 | Tar:7    | Reached skill level 27 in Unarmed Combat
 85967 | Tar:7    | Learned a level 2 spell: Blink
 86041 | Tar:7    | Noticed Ereshkigal
 86049 | Tar:7    | Paralysed by Ereshkigal for 3 turns
 86059 | Tar:7    | Killed Ereshkigal
 86105 | Tar:7    | Got a bone rune of Zot
 86377 | Coc:1    | Entered Level 1 of Cocytus
 87041 | Coc:7    | Entered Level 7 of Cocytus
 87091 | Coc:7    | Noticed the Serpent of Hell
 87109 | Coc:7    | Killed the Serpent of Hell
 87112 | Coc:7    | Reached skill level 27 in Fighting
 87168 | Coc:7    | Noticed Antaeus
 87195 | Coc:7    | Killed Antaeus
 87209 | Coc:7    | Got an icy rune of Zot
 87317 | Zot:1    | Entered Level 1 of the Realm of Zot
 87317 | Zot:1    | Found the +1 robe of Vines {NoPotionHeal Regen++++}
 87389 | Zot:2    | Noticed an orb of fire
 87395 | Zot:2    | Killed an orb of fire
 87475 | Zot:2    | Reached skill level 27 in Shapeshifting
 87513 | Zot:3    | Noticed Parghit
 87524 | Zot:3    | Killed Parghit
 87703 | Zot:5    | Entered Level 5 of the Realm of Zot
 87766 | Zot:5    | Found a runed translucent door.
 87869 | Zot:5    | Noticed Uneer's ghost (legendary GnFE)
 87962 | Zot:5    | Noticed a dread lich
 87969 | Zot:5    | Killed a dread lich
 87969 | Zot:5    | Noticed a dread lich
 87985 | Zot:5    | Killed a dread lich
 87988 | Zot:5    | Noticed an orb of fire
 87989 | Zot:5    | Noticed a dread lich
 87989 | Zot:5    | Noticed an orb of fire
 87996 | Zot:5    | Killed an orb of fire
 88013 | Zot:5    | Killed a dread lich
 88021 | Zot:5    | Killed an orb of fire
 88043 | Zot:5    | Noticed an orb of fire
 88046 | Zot:5    | Reached skill level 27 in Dodging
 88053 | Zot:5    | Gained mutation: You occasionally shout uncontrollably at
                  | your foes. [an orb of fire]
 88059 | Zot:5    | Killed an orb of fire
 88296 | Zot:5    | Noticed a dread lich
 88297 | Zot:5    | Noticed an ancient lich
 88297 | Zot:5    | Paralysed by a dread lich for 5 turns
 88304 | Zot:5    | Killed an ancient lich
 88306 | Zot:5    | Killed a dread lich
 88658 | Zot:5    | Killed Uneer's ghost
 88750 | Zot:5    | Got the Orb of Zot
 88772 | Zot:4    | Noticed Viwkafum the pandemonium lord
 88929 | Depths:4 | Noticed Qokhlad the pandemonium lord
 89114 | D:11     | Noticed Jenka the pandemonium lord
 89123 | D:11     | Killed Jenka the pandemonium lord
 89188 | D:5      | Noticed Giri the pandemonium lord
 89201 | D:5      | Killed Giri the pandemonium lord
 89353 | D:1      | gg
 89354 | D:$      | Escaped with the Orb!

Illustrated notes

.........# #.#.#...........#.....
.........# #.#.#.###)..###.#.....
....).#### #.#.#.#.......#.#.....
......######.#.#.#.⌠.#.⌠.#.#.....
........#....#.#.....#.....####..
......#.#.####.#....###....###...
......#.#.####.####..#..#####..#.
...............#..'.....'..##....
###.###...######v.###'###..#.....
#........#####..#.....#..#...[.
#.....#..#...#############.....
###.....#..#...#########.........
.....................#...####....
........#.#.#.#.####.#....# #....
...#...............#.....[# #....
...#...#.#.#.#.#........[.# #....
.................#.#......###...#


Turn 89353 on D:1: gg

Levels and vault maps discovered:
D:1:      dpeg_arrival_court, layout_basic, hex_medium
D:2:      layout_loops_cross
D:3:      layout_basic, kiku_gazebo_pond_becter,
          nicolae_gozag_cash_rules_everything_around_me,
          mainiacjoe_overflow_surrounded_room, minmay_misc_feat_square,
          minmay_rat_hole
D:4:      layout_basic, amcnicky_altar_gilded, hangedman_abyss_or_decor_stagger
D:5:      layout_loops_ring, kennysheep_mini_moat,
          minmay_temple_entry_mini_moons, chequers_serial_rivers_small_b,
          minivault_14, nrook_mini_backslash, chequers_serial_rivers_small_a,
          dk_noncrumbling_2, nicolae_shop_firing_range
D:6:      layout_layer_cave, nrook_pool_corridor
D:7:      layout_cave_pools, mainiacjoe_overflow_cross_hatched,
          nicolae_tso_besieged_by_evil
D:8:      layout_layer_cave, mainiacjoe_overflow_boulevard,
          mainiacjoe_overflow_alcove_1, mainiacjoe_overflow_alcove_4
D:9:      layout_irregular_city, mainiacjoe_overflow_chevrons,
          okawaru_gym_becter, dpeg_oklobed_lair
D:10:     layout_rooms, zin_academy, minmay_orc_entry_temple_small,
          serial_shops, nicolae_shop_trees, serial_glass, glass_columns_c,
          glass_columns_b, glass_columns_a, glass_columns_a, glass_columns_a,
          glass_columns_b, glass_columns_a, glass_columns_b,
          due_unseen_surprise, item_on_display_b
D:11:     minmay_the_grid_square_5x5_4x4
          [minmay_the_grid_square_5x5_pentomino_r,
          minmay_the_grid_square_5x5_shuriken,
          minmay_the_grid_square_5x5_two_walls_b,
          minmay_the_grid_square_5x5_two, minmay_the_grid_square_5x5_n,
          minmay_the_grid_square_5x5_prize_itemx,
          minmay_the_grid_square_5x5_prize_monsterx,
          minmay_the_grid_square_5x5_z, minmay_the_grid_square_5x5_two_walls_a,
          minmay_the_grid_square_5x5_prize_rear_guard,
          minmay_the_grid_square_5x5_prize_open,
          minmay_the_grid_square_5x5_three_walls,
          minmay_the_grid_square_5x5_tie, minmay_the_grid_square_5x5_eight,
          minmay_the_grid_square_5x5_checkered_sparse,
          minmay_the_grid_square_5x5_lines], layout_irregular_city
D:12:     layout_basic, minmay_gold_behind_fungi, uniq_urug, uniq_frances,
          uniq_snorg
D:13:     layout_cave_pods, gammafunk_ghost_necromancy, uniq_jorgrun
D:14:     layout_loops_cross, grunt_vaults_entry_fortified,
          minmay_guarded_unrand_curses, uniq_kirke, uniq_louise
D:15:     grunt_enter_depths_snipers, layout_loops_ring,
          minmay_misc_feat_encased, hangedman_ru_absence, uniq_azrael
Lair:1:   layout_hall_layers, beast_lair_carwin_9, uniq_nergalle
Lair:2:   layout_small_grid, minmay_swamp_entry_reptiles,
          grunt_forest_stairs_clearing
Lair:3:   layout_layer_cave, minmay_snake_entry_guardpost_large,
          serial_bayou_lagoon_b
Lair:4:   layout_cave_pods, slime_entry_1, nicolae_lair_liquid_snakes,
          serial_bayou_shore_b
Lair:5:   evilmike_catoblepas_cave, layout_regular_city, nicolae_lair_lindhole,
          infiniplex_staircase_pool
Swamp:1:  nicolae_swamp_ascending_descending, layout_falls_marsh,
          evilmike_swamp_ruin_house_3, swamp_pool1, nicolae_swamp_snake_nest
Swamp:2:  layout_falls_marsh, nicolae_swamp_rocky_clearing
Swamp:3:  layout_basic_swamp, evilmike_swamp_ruin_house_1, swamp_pool1,
          grunt_witch_cave
Swamp:4:  swamp_alternative, layout_basic_swamp
Snake:1:  layout_basic, basic_altar
Snake:2:  layout_layer_cave, serial_shops, nicolae_shop_crystal
Snake:3:  layout_misc_corridors
Snake:4:  grunt_snake_rune_spirals, layout_onion, serial_shops,
          nicolae_shop_bloodbath_and_beyond, lemuel_fruit_tree
Slime:1:  nicolae_slime_jelly_donut, layout_caves,
          nicolae_slime_getting_an_eyeful
Slime:2:  layout_caves
Slime:3:  layout_caves
Slime:4:  layout_caves, nicolae_slime_round_cave
Slime:5:  slime_pit_nicolae_jellycorners
Orc:1:    layout_diamond_mine, serial_shops, shop, basic_altar, uniq_fannar
Orc:2:    grunt_orc_tribal_feast, layout_diamond_mine, serial_shops, shop
Elf:1:    minmay_elf_arrival_summoners, layout_gridlike, serial_shops, shop,
          hangedman_elven_crosses_minicolossus, nicolae_elf_elemental_lessons,
          uniq_asterion
Elf:2:    elven_hall_of_blades_hangedman_alternative
          [nicolae_blade_entry_floor_patterns], layout_rooms, serial_shops,
          shop_statue, nicolae_shop_waterfront, shop
Elf:3:    minmay_elf_hall_quartered_circle, layout_geoelf_castle, serial_shops,
          shop, dreamdust_wishing_well, minmay_shop_grove, uniq_roxanne,
          uniq_mara
Vaults:1: nicolae_vaults_shrinking_rooms_1, hangedman_vaults_corner,
          hangedman_vaults_snaps, v_misc_5, vaults_room_corners,
          ontoclasm_vaults_chip, nicolae_vaults_layer_cake_slice,
          ontoclasm_vaults_loading_screen, nicolae_vaults_specimen_jars,
          layout_vaults_omnicross, serial_shops, shop
Vaults:2: ebering_ghost_xom, minmay_crypt_entry_simple_box,
          vaults_dpeg_emergency_exit, nicolae_vaults_shipping_containers_3,
          vaults_mumra_hexcomb, nicolae_vaults_trapezoid_lopsided_1,
          vaults_dpeg_spiral, nicolae_vaults_steering_wheel,
          nicolae_vaults_tangram_1, nicolae_vaults_six-pack,
          vaults_mumra_minichess_inversion, nicolae_vaults_tetromino_Z_2,
          vaults_dpeg_diagonal, layout_vaults_big_room, serial_shops,
          shop_statue, shop, nicolae_shop_stone, uniq_aizul
Vaults:3: nicolae_vaults_border_crossing, v_misc_17,
          nicolae_vaults_yaktaur_gun_rack, v_misc_10,
          nicolae_vaults_weapon_check, hangedman_vaults_slice, v_misc_33,
          nicolae_vaults_variable_pillar_hall, vaults_room_hallway,
          layout_vaults_ring, nicolae_trove_entry_path_of_doom, serial_shops,
          nicolae_shop_statue_plus
Vaults:4: vaults_room_mumra_shop_pool, v_misc_23, v_alt_pattern_1, v_misc_14,
          nicolae_vaults_closet_pinwheel_4, nicolae_vaults_storage_closets_2,
          nicolae_vaults_sesquioval_fish, nicolae_vaults_six-pack,
          st_more_cells, layout_vaults_quadrants, serial_shops, bzr_entry_islet,
          uniq_jory
Vaults:5
Crypt:1:  layout_misc_corridors, grunt_crypt_arrival_webbed, grunt_megastairs_2,
          lemuel_upstairs_altar
Crypt:2:  layout_rooms, minmay_guarded_unrand_vampires_tooth
Crypt:3:  due_elkab, layout_chaotic_city, nicolae_tomb_entry_grand_gallery
Tomb:1
Tomb:2
Tomb:3
Depths:1: layout_cave_shapes, good_gods_temple_1, hell_entry, mu_enter_wizlab_4,
          abyss_entry, yredelemnul_altar_generic, nicolae_triple_integral,
          grunt_megastairs_5
Depths:2: grunt_profane_halls [grunt_profane_temple_dis,
          grunt_profane_temple_geh, grunt_profane_temple_tar,
          grunt_profane_temple_coc, grunt_profane_loot], pan_entry, hell_entry,
          serial_shops
Depths:3: minmay_polygon_palace, layout_long_grid,
          pf_vacation_house_of_asmodeus, abyss_entry,
          nicolae_hepliaklqana_hazy_memory, nicolae_the_louvre,
          infiniplex_staircase_zigzag_2, uniq_sojobo
Depths:4: grunt_zot_entry_funnels, layout_cave_pools, enter_ziggurat_a,
          hell_entry, special_room [special_room_jelly],
          serial_sigils_hangedman_snap
Hell
Dis:1:    layout_subdivisions
Dis:2:    layout_gridville, nicolae_dis_strange_trophy_room
Dis:3:    layout_jigsaw, nicolae_dis_step_into_the_octagon
Dis:4:    layout_subdivisions
Dis:5:    layout_overlapping_boxes
Dis:6:    layout_gridville, nicolae_dis_bowling_alley
Dis:7:    dis_grunt_layers
Geh:1:    layout_gehenna_lava_caves
Geh:2:    layout_gehenna_pools_basic
Geh:3:    nicolae_geh_split_lavaduct, layout_gehenna_lava_caves
Geh:4:    nicolae_geh_erupted_tower, layout_gehenna_pools_triple
Geh:5:    layout_gehenna_lava_caves
Geh:6:    layout_gehenna_lava_caves, nicolae_hells_hurtin_island
Geh:7:    geh_grunt_pentagon
Coc:1:    nicolae_coc_hellspring, layout_ice_bergs
Coc:2:    layout_cocytus_water_paths
Coc:3:    layout_cocytus_water_paths
Coc:4:    layout_cocytus_water_paths
Coc:5:    layout_cocytus_water_paths
Coc:6:    layout_cocytus_water_paths
Coc:7:    coc_dpeg
Tar:1:    layout_grid_maze, nicolae_tar_cuneiform_heaven
Tar:2:    layout_grid_maze, nicolae_tar_cuneiform_heaven
Tar:3:    nicolae_tar_tart_auras, layout_cathedral_of_symmetry
Tar:4:    layout_cathedral_of_symmetry
Tar:5:    nicolae_tar_funeral_procession, layout_cathedral_of_symmetry
Tar:6:    layout_grid_maze, nicolae_hells_fiendish_ambush
Tar:7:    tar_mu [tar_mu_maze]
Zot:1:    layout_misc_corridors
Zot:2:    layout_gridlike
Zot:3:    layout_basic, hangedman_swamp_dais, uniq_parghit
Zot:4:    layout_cathedral_of_symmetry, grunt_megastairs_1
Zot:5:    layout_misc_corridors, ebering_ghost_inner_flame

Skill      XL: |  1  2  3  4  5  6  7  8  9 10 11 12 13 14 15 16 17 18 19 20 21 22 23 24 25 26 27 |
---------------+----------------------------------------------------------------------------------+-----
Stealth        | 2 4 6 14 23 27 | 27.0
Fighting       | 1 2 3 4 5 7 10 11 12 13 14 15 16 19 20 23 27 | 27.0
Unarmed Combat | 4 5 6 7 10 12 14 15 16 17 18 19 21 24 27 | 27.0
Dodging        | 3 5 6 7 9 12 14 15 16 17 19 20 21 27 | 27.0
Shapeshifting  | 6 10 13 14 16 17 18 21 23 27 | 27.0
Evocations     | 8 10 12 13 16 21 | 21.0
Transmutations | 8 12 | 12.0
Spellcasting   | 4 8 |  8.0
Hexes          | 20 | 20.0
Translocations | 14 | 14.0
Invocations    | |  1.0

Action                     |  1- 3 |  4- 6 |  7- 9 | 10-12 | 13-15 | 16-18 | 19-21 | 22-24 | 25-27 || total
---------------------------+-------+-------+-------+-------+-------+-------+-------+-------+-------++-------
  Melee: Unarmed           |   103 |   216 |   391 |   582 |  1051 |   813 |  1141 |  1209 |  2880 ||  8386
         Bite              |    11 |    20 |    49 |    21 |   141 |   102 |   120 |       |    55 ||   519
         Punch             |     1 |     9 |    22 |     9 |    92 |   105 |   197 |   227 |   578 ||  1240
         Constrict         |       |       |       |    94 |    44 |       |       |       |       ||   138
         Tailslap          |       |       |       |       |       |       |       |       |    64 ||    64
   Cast: Manifold Assault  |       |       |       |       |       |       |       |       |    49 ||    49
         Vhi's Electric Ch |       |       |       |       |       |       |       |       |     5 ||     5
         Blink             |       |       |       |       |       |       |       |       |     3 ||     3
         Wereblood         |       |       |       |       |       |       |       |       |     1 ||     1
         Enfeeble          |       |       |       |       |       |       |       |       |     1 ||     1
 Invoke: Call Merchant     |       |       |       |       |     4 |       |       |       |     3 ||     7
         Potion Petition   |       |       |       |       |       |     2 |     4 |    17 |    26 ||    49
Ability: Blinkbolt         |       |       |       |       |       |       |     4 |    12 |     8 ||    24
  Evoke: Wand              |       |     3 |       |     9 |    54 |     4 |    13 |     2 |     2 ||    87
         Phial of floods   |       |       |       |       |     3 |     1 |     1 |       |       ||     5
         Phantom mirror    |       |       |       |       |     2 |     1 |     1 |       |     1 ||     5
         Sack of spiders   |       |       |       |       |     2 |       |       |       |       ||     2
         Tin of tremorston |       |       |       |       |     1 |     5 |     3 |     2 |     1 ||    12
    Use: Scroll            |       |     6 |     7 |    12 |     9 |     1 |    15 |    24 |    20 ||    94
         Potion            |       |     1 |     3 |     8 |     4 |     1 |     8 |    11 |    12 ||    48
   Stab: Sleeping          |     8 |     4 |     5 |    15 |    12 |    19 |    26 |    27 |    71 ||   187
         Distracted        |       |     1 |     2 |     7 |    11 |    15 |     8 |    24 |   107 ||   175
         Confused          |       |       |     1 |       |       |     2 |       |       |       ||     3
         Invisible         |       |       |       |       |       |       |       |     4 |    38 ||    42
 Armour: Skin              |    29 |    49 |    91 |   240 |   287 |   430 |   395 |   174 |   599 ||  2294
  Dodge: Dodged            |    88 |   152 |   256 |   489 |   925 |  1472 |  1924 |  1144 |  2792 ||  9242
   Form: Anaconda          |       |       |       |     2 |       |       |       |       |       ||     2
         Blade             |       |       |       |     1 |     1 |       |       |       |       ||     2
         Maw               |       |       |       |     1 |       |       |       |       |       ||     1
         Statue            |       |       |       |       |     1 |       |       |       |       ||     1
         Storm             |       |       |       |       |       |       |     1 |       |     2 ||     3
         Dragon            |       |       |       |       |       |       |       |       |     1 ||     1
         Death             |       |       |       |       |       |       |       |       |     1 ||     1

Table legend: (Time is in decaauts)
 A = Elapsed time spent in this place.
 B = Non-inter-level travel time spent in this place.
 C = Inter-level travel time spent in this place.
 D = Time resting spent in this place.
 E = Time spent auto-exploring this place.
 F = Levels seen in this place.
 G = Mean time per level.
                   A        B        C        D        E       F      G
               +--------+--------+--------+--------+--------+-----+--------+
         Total |  89988 |  83142 |   6846 |  19034 |  38567 | 116 |  775.8 |
       Dungeon |  23724 |  21350 |   2374 |   6074 |   9664 |  15 | 1581.6 |
          Lair |   9022 |   8367 |    655 |   2894 |   3561 |   5 | 1804.4 |
         Swamp |   4974 |   4719 |    255 |    908 |   2732 |   4 | 1243.5 |
     Snake Pit |   6664 |   6358 |    306 |   1101 |   3717 |   4 | 1666.0 |
    Slime Pits |   2070 |   1941 |    129 |    804 |    407 |   5 |  414.0 |
  Orcish Mines |   2639 |   2259 |    380 |    752 |    687 |   2 | 1319.5 |
   Elven Halls |   4605 |   4361 |    244 |    428 |   2746 |   3 | 1535.0 |
        Vaults |   9287 |   8410 |    877 |    990 |   5282 |   5 | 1857.4 |
         Crypt |   3770 |   3420 |    350 |    638 |   1934 |   3 | 1256.7 |
          Tomb |   3642 |   3496 |    146 |   1630 |    976 |   3 | 1214.0 |
        Depths |   5032 |   4633 |    399 |   1351 |   2180 |   4 | 1258.0 |
          Hell |    810 |    685 |    125 |     35 |    348 |   1 |  810.0 |
           Dis |   1646 |   1603 |     43 |    287 |    224 |   7 |  235.1 |
       Gehenna |   2299 |   2237 |     62 |    575 |    767 |   7 |  328.4 |
       Cocytus |    761 |    721 |     40 |     74 |    329 |   7 |  108.7 |
      Tartarus |   1606 |   1346 |    260 |     80 |    489 |   7 |  229.4 |
           Zot |   1412 |   1218 |    194 |     24 |    677 |   5 |  282.4 |
         Abyss |    590 |    590 |      0 |      0 |    213 |   5 |  118.0 |
   Pandemonium |   4791 |   4791 |      0 |    383 |   1220 |  21 |  228.1 |
        Bazaar |     66 |     66 |      0 |      0 |     47 |   1 |   66.0 |
         Trove |     83 |     83 |      0 |      0 |     57 |   1 |   83.0 |
        Wizlab |    482 |    482 |      0 |      0 |    307 |   1 |  482.0 |
               +--------+--------+--------+--------+--------+-----+--------+

Top non-repeatable levels by time:
    D:11: 3569 daAuts
 Snake:4: 2558 daAuts
     D:6: 2523 daAuts
    D:14: 2462 daAuts
  Lair:5: 2438 daAuts
   Elf:3: 2357 daAuts
   Orc:2: 2148 daAuts
 Snake:2: 2086 daAuts
Vaults:2: 2058 daAuts
Vaults:1: 2036 daAuts
Vaults:3: 2013 daAuts
  Lair:4: 1958 daAuts
  Tomb:1: 1814 daAuts
Depths:2: 1800 daAuts
     D:5: 1754 daAuts
